 Dungeon Crawl Stone Soup version 0.21.1-1-g345015f (webtiles) character file.

1649222 Neveragain the Executioner (level 27, 266/266 HPs)
             Began as a Minotaur Berserker on Apr 29, 2018.
             Was a High Priest of Trog.
             Escaped with the Orb
             ... and 3 runes!
             The game lasted 03:58:54 (75410 turns).

Neveragain the Executioner (Minotaur Berserker)    Turns: 75410, Time: 03:58:55

Health: 266/266    AC: 44    Str: 27    XL:     27
Magic:  7/7        EV: 26    Int:  6    God:    Trog [*****.]
Gold:   3357       SH: 32    Dex: 23    Spells: 26/26 levels left

rFire    + + +     SeeInvis +   b - +9 broad axe (antimagic)
rCold    . . .     Gourm    .   B - +5 large shield {rPois}
rNeg     + . .     Faith    +   j - +9 plate armour "Geleink" {rElec rF+ rCorr Int+4}
rPois    +         Spirit   .   A - +0 hat {SInv}
rElec    +         Reflect  .   C - +2 cloak {MR+}
rCorr    +         Harm     .   w - +2 pair of gloves {Dex+3}
MR       +++..     Rnd*Tele +   V - +2 pair of boots {run}
Stlth    ..........             T - amulet of faith
HPRegen  0.54/turn              r - ring of protection from fire
MPRegen  0.10/turn              Y - ring "Monomit" {rF+ rN+ Slay+5}

@: studying 2 skills, quick
A: retaliatory headbutt, horns 2, thin metallic scales 1, dopey 1, strong 1,
teleportitis 2
0: Orb of Zot
}: 3/15 runes: serpentine, barnacled, slimy
a: Berserk, Trog's Hand, Brothers in Arms, Burn Spellbooks, Renounce Religion


You escaped.
You worshipped Trog.
Trog was extremely pleased with you.
You were not hungry.

You visited 10 branches of the dungeon, and saw 53 of its levels.
You visited 1 bazaar.
You also visited: Sewer.

You collected 7451 gold pieces.
You spent 4094 gold pieces at shops.

Inventory:

Hand Weapons
 a - the +6 broad axe "Cuocuapi" {protect, Stlth+}
   (Trog gifted it to you on level 2 of the Depths)

   It protects the one who uses it against injury (+AC on strike).
   It makes you more stealthy.
 b - a +9 antimagic broad axe (weapon)
 G - a +2 hand axe of flaming
 Z - the +8 frozen axe "Frostbite" {freezing cloud, *Noise +Fly rC+}
   (Trog gifted it to you on level 1 of the Depths)

   It has been specially enchanted to freeze those struck by it, causing extra
   injury to most foes and up to half again as much damage against particularly
   susceptible opponents.
   It can also slow down cold-blooded creatures.
   It protects you from cold.
   It lets you fly.
   It may make noises in combat.
Armour
 i - a +1 pair of gloves
 j - the +9 plate armour "Geleink" (worn) {rElec rF+ rCorr Int+4}
   (You bought it in a shop on level 9 of the Dungeon)

   It affects your intelligence (+4).
   It protects you from fire.
   It insulates you from electricity.
   It protects you from acid and corrosion.
 w - a +2 pair of gloves of dexterity (worn)
 A - a +0 hat of see invisible (worn)
 B - a +5 large shield of poison resistance (worn)
 C - a +2 cloak of magic resistance (worn)
 V - a +2 pair of boots of running (worn)
Jewellery
 o - an uncursed ring of protection from cold
 r - a ring of protection from fire (left hand)
 s - an uncursed ring of protection from cold
 H - the ring "Ryunejuv" {MR++ EV+3 Int-3}
   (You found it on level 5 of the Pits of Slime)

   [ring of evasion]

   It affects your evasion (+3).
   It affects your intelligence (-3).
   It affects your resistance to hostile enchantments.
 I - the ring "Bagguin" {rElec rPois rF- Dex-2 Stlth+}
   (You found it on level 3 of the Elven Halls)

   [ring of poison resistance]

   It affects your dexterity (-2).
   It makes you vulnerable to fire.
   It insulates you from electricity.
   It protects you from poison.
   It makes you more stealthy.
 P - an uncursed ring of protection from fire
 Q - an uncursed ring of protection from fire
 T - an amulet of faith (around neck)
 U - an uncursed ring of protection from magic
 Y - the ring "Monomit" (right hand) {rF+ rN+ Slay+5}
   (You found it on level 3 of the Snake Pit)

   [ring of protection from fire]

   It affects your accuracy and damage with ranged weapons and melee attacks
   (+5).
   It protects you from fire.
   It protects you from negative energy.
Wands
 v - a wand of disintegration (54)
 E - a wand of digging (34)
 L - a wand of polymorph (16)
 M - a wand of acid (23)
Scrolls
 d - a scroll of silence
 e - 17 scrolls of teleportation
 g - 20 scrolls of remove curse
 h - 17 scrolls of identify
 k - 5 scrolls of fog
 n - 2 scrolls of enchant weapon
 q - 3 scrolls of random uselessness
 y - 2 scrolls of fear
 D - 5 scrolls of blinking
 F - 2 scrolls of enchant armour
 K - a scroll of brand weapon
 X - 5 scrolls of summoning
Potions
 f - a potion of invisibility
 u - 19 potions of curing
 z - 2 potions of heal wounds
 N - 5 potions of agility
 O - 3 potions of might
 S - 4 potions of haste
 W - 3 potions of resistance
Books
 l - a manual of Slings
 m - a book of Fire

   Spells                             Type                      Level
   a - Ignite Poison                  Fire/Transmutation/Poison    3
   b - Fireball                       Conjuration/Fire             5
   c - Bolt of Fire                   Conjuration/Fire             6
   d - Ring of Flames                 Charms/Fire                  7
   e - Ignition                       Fire                         8
   Trog disapproves of the use of such an item.
 t - a book of Death

   Spells                             Type                      Level
   a - Corpse Rot                     Necromancy                   2
   b - Sublimation of Blood           Necromancy                   2
   c - Agony                          Necromancy                   5
   d - Dispel Undead                  Necromancy                   5
   e - Excruciating Wounds            Charms/Necromancy            5
   f - Bolt of Draining               Conjuration/Necromancy       5
   Trog disapproves of the use of such an item.
 x - a book of Clouds

   Spells                             Type                      Level
   a - Poisonous Vapours              Poison/Air                   2
   b - Mephitic Cloud                 Conjuration/Poison/Air       3
   c - Conjure Flame                  Conjuration/Fire             3
   d - Freezing Cloud                 Conjuration/Ice/Air          6
   e - Ring of Flames                 Charms/Fire                  7
   Trog disapproves of the use of such an item.
 J - a book of the Dragon

   Spells                             Type                      Level
   a - Flame Tongue                   Conjuration/Fire             1
   b - Cause Fear                     Hexes                        4
   c - Bolt of Fire                   Conjuration/Fire             6
   d - Dragon Form                    Transmutation                7
   e - Dragon's Call                  Summoning                    9
   Trog disapproves of the use of such an item.
 R - a manual of Maces & Flails
Comestibles
 c - 41 rations


   Skills:
 + Level 25.2 Fighting
 - Level 26.1 Axes
 + Level 25.1 Armour
 + Level 22.3 Dodging
 - Level 25.1 Shields


You had 26 spell levels left.
You didn't know any spells.

Dungeon Overview and Level Annotations

Branches:
Dungeon (15/15)            Temple (0/1) D:5            Lair (6/6) D:9
 Shoals (4/4) Lair:3        Snake (4/4) Lair:4        Slime (5/5) Lair:6
    Orc (2/2) D:12            Elf (3/3) Orc:2        Vaults (4/5) D:13
  Crypt (0/3) Vaults:2     Depths (5/5) D:15            Zot (5/5) Depths:5

Altars:
Ashenzari
Cheibriados
Dithmenos
Fedhas
Gozag
Kikubaaqudgha
Ru
Trog
Uskayaw
Vehumet
Yredelemnul
Zin
The Shining One
Beogh

Shops:
D:9 [?(   D:10 *   D:15 :   Orc:1 }   Orc:2 [*(=   Shoals:1 ?[(!   Shoals:4 *:(
Snake:2 }==   Vaults:1 ?

Portals:
Hell: Depths:1 Depths:2 Depths:3 Depths:4 Depths:5
Abyss: Depths:1 Depths:2 Depths:4
Pandemonium: Depths:1 Depths:3 Depths:4
Ziggurat: Depths:3

Annotations:
D:5 frimble's ghost, amateur MiFi
Shoals:1 exclusion: 2 oklob plants
Elf:2 3 runed doors
Vaults:1 exclusion: obsidian statue
Vaults:2 exclusion: ice statue


Innate Abilities, Weirdness & Mutations

You reflexively headbutt those who attack you in melee.
You have a pair of horns on your head.
You are partially covered in thin metallic scales. (AC +2)
You are dopey. (Int -2)
Your muscles are strong. (Str +2)
You are sometimes teleported next to monsters.


Message History

There is an escape hatch in the ceiling here.
A mysterious force pulls you upwards. The hatch slams shut behind you.
You see here a stone.
You see here a stone.
There is a stone staircase leading up here.
You climb upwards.
There is a stone staircase leading down here.
You see here a club.
A white imp comes into view.
You block the white imp's attack. The white imp gestures at you.
You block the puff of frost.
You hit the white imp.
The white imp's magic leaks into the air.
You kill the white imp!
Trog accepts your kill.
You enter the shallow water.
Moving in this stuff is going to be slow.
There is a staircase leading out of the dungeon here.
You have escaped!

### #@## #..##
## ##...###≈#
#....#≈≈≈#
#####..≈≈≈≈≈≈#
##≈≈≈≈≈≈≈≈≈≈###
#≈≈≈≈≈≈≈≈..##
#≈≈##.......#
## #........##


There were no monsters in sight!

Vanquished Creatures
  2 orbs of fire (Zot:5)
  4 ancient liches (Zot:5)
  3 juggernauts
  Sojobo (Depths:2)
  Bai Suzhen (Vaults:2)
  Frederick (Depths:5)
  Margery (Depths:1)
  4 Killer Klowns
  Saint Roka (Snake:2)
  2 caustic shrikes
  4 curse toes
  the Enchantress (Depths:1)
  4 golden dragons
  A bone dragon (Depths:5)
  Jorgrun (Depths:1)
  A Tzitzimitl (Zot:5)
  3 electric golems
  The ghost of Neveragain the Severer, an adept GrBe of Trog (Depths:2)
  A Brimstone Fiend (Depths:2)
  A Hell Sentinel (Depths:1)
  12 tentacled monstrosities
  5 liches
  Rupert (Lair:5)
  21 Orb Guardians (Zot:5)
  2 deep elf master archers (Elf:3)
  3 deep elf blademasters
  2 quicksilver dragons
  A pandemonium lord (Zot:5)
  3 titans
  22 acid blobs
  Frances (Shoals:1)
  3 sphinxes
  11 death cobs
  Polyphemus (Shoals:4)
  A kraken (Shoals:2)
  8 tengu reavers
  9 storm dragons
  Donald (Snake:1)
  5 draconian monks
  17 azure jellies
  Ilsuiw (Shoals:4)
  7 shadow dragons
  11 frost giants
  8 draconian knights
  An iron dragon (Depths:4)
  3 balrugs
  10 vault wardens
  21 nagarajas
  Louise (Shoals:4)
  The ghost of reptisaurus the Convoker, a journeyman BaVM of Hepliaklqana (Orc:2)
  11 fire giants
  5 deep elf sorcerers
  2 ghost moths (Zot:3)
  An orc warlord (Orc:2)
  2 draconian scorchers
  2 draconian stormcallers
  4 draconian shifters
  The ghost of frimble the Fencer, a journeyman MiFi of Elyvilon (D:13)
  4 deep elf elementalists (Elf:3)
  7 draconian annihilators
  6 ironheart preservers
  4 spriggan defenders
  An entropy weaver (Vaults:3)
  13 very ugly things
  19 stone giants
  7 deep elf annihilators
  4 vampire knights
  9 red draconians
  3 deep elf demonologists (Elf:3)
  10 purple draconians
  10 green draconians
  5 black draconians
  4 spark wasps
  6 white draconians
  12 yellow draconians
  12 ettins
  7 death oozes
  4 merfolk javelineers (Shoals:4)
  13 fire dragons
  7 deep elf death magi
  15 yaktaur captains
  9 great orbs of eyes
  7 deep elf high priests
  10 merfolk impalers
  4 vault guards
  A great orb of eyes (shapeshifter) (Vaults:4)
  5 rakshasas
  15 ogre magi
  11 ice dragons
  A monstrous demonspawn (Zot:5)
  Harold (Lair:2)
  A hell beast (Depths:4)
  20 naga warriors
  6 hydras
  3 merfolk avatars
  10 centaur warriors
  2 spriggan air magi
  2 large abominations (Elf:3)
  9 anacondas
  5 catoblepae
  2 vampire magi
  8 death yaks (Lair:6)
  4 deep troll shamans
  6 merfolk aquamancers
  An alligator snapping turtle (Shoals:2)
  19 dancing weapons
  A queen ant (shapeshifter) (Zot:3)
  2 satyrs (Shoals:4)
  46 two-headed ogres
  8 deep troll earth magi
  5 tengu warriors
  2 hell hogs (D:4)
  5 orc high priests (Orc:2)
  17 naga sharpshooters
  Urug (Lair:5)
  3 sun demons
  7 shock serpents
  Nergalle (Lair:3)
  4 hell knights (Depths:1)
  3 spriggan berserkers
  14 deep elf knights
  A small abomination (Elf:3)
  4 soul eaters
  15 skeletal warriors
  2 shadow wraiths
  4 sixfirhies
  A fire crab (shapeshifter) (Depths:3)
  10 sea snakes
  2 iron trolls
  6 salamander mystics
  3 unseen horrors
  24 deep trolls
  A sea snake (shapeshifter) (Depths:2)
  3 infernal demonspawn (D:9)
  5 glowing orange brains
  A swamp dragon (shapeshifter) (D:13)
  10 deep elf archers
  3 flayed ghosts
  A gelid demonspawn (D:4)
  16 ironbrand convokers
  2 phantasmal warriors (Depths:2)
  A torturous demonspawn (Depths:3)
  8 naga ritualists
  5 wizards
  4 wolf spiders
  28 harpies
  9 orc knights
  74 deep elf magi
  4 orc sorcerers
  2 necromancers
  10 mana vipers
  A mana viper (shapeshifter) (D:15)
  34 ugly things
  16 salamanders
  10 cyclopes
  12 fauns
  8 shining eyes
  13 vault sentinels
  6 merfolk sirens
  4 rust devils
  13 elephants
  Maurice (Orc:2)
  12 manticores
  7 guardian serpents
  5 water nymphs
  21 black mambas
  17 moths of wrath
  2 smoke demons
  17 naga magi
  A water nymph (shapeshifter) (D:13)
  7 eyes of devastation
  An orange demon (D:15)
  11 spiny frogs
  A torpor snail (shapeshifter) (Depths:3)
  2 rime drakes (Lair:6)
  7 komodo dragons
  4 tengu conjurers
  4 gargoyles
  59 yaktaurs
  6 freezing wraiths
  2 ice devils
  6 hellwings
  A tormentor (D:10)
  An efreet (D:15)
  2 kobold demonologists
  A guardian mummy (Zot:3)
  5 red devils
  2 jumping spiders (shapeshifter)
  4 trolls
  2 queen bees (shapeshifter)
  A merfolk (shapeshifter) (Vaults:2)
  A wind drake (Shoals:3)
  30 merfolk
  A polar bear (Lair:4)
  6 hornets
  Grinder (D:3)
  15 hippogriffs
  10 blink frogs
  Prince Ribbit (D:6)
  16 dream sheep
  A wind drake (shapeshifter) (Elf:3)
  6 air elementals
  8 snapping turtles
  111 slime creatures
  A redback (Vaults:3)
  2 ynoxinuls
  A meliai zombie (D:14)
  6 spriggans
  A wyvern (shapeshifter) (Vaults:3)
  Sigmund (D:4)
  3 shadows
  A vampire (D:14)
  3 wraiths
  2 redbacks (shapeshifter)
  4 wyverns
  3 fire elementals
  4 fire bats (Depths:5)
  11 golden eyes
  13 water elementals
  53 yaks
  5 hungry ghosts
  A basilisk (shapeshifter) (Depths:4)
  A yak (shapeshifter) (D:15)
  A hog (shapeshifter) (Depths:4)
  7 basilisks
  A steam dragon (D:15)
  A chaos spawn (Zot:5)
  A redback simulacrum (D:15)
  3 wargs
  Menkaure (D:4)
  A swamp worm (shapeshifter) (Depths:1)
  65 nagas
  15 water moccasins
  2 porcupines
  Duvessa (D:5)
  3 acid dragons
  Purgy (D:3)
  A swamp drake (D:12)
  A hornet zombie (D:13)
  3 floating eyes
  51 orc warriors
  5 sky beasts
  4 phantoms
  3 ice beasts
  6 eyes of draining
  4 black bears
  An eye of draining (shapeshifter) (Elf:3)
  A necrophage (D:8)
  36 ogres
  7 boggarts
  22 centaurs
  4 big kobolds
  10 crocodiles
  18 bullfrogs
  An earth elemental (Elf:2)
  A wyvern zombie (D:8)
  Dowan (D:5)
  6 scorpions
  A human simulacrum (Vaults:1)
  14 killer bees
  22 wights
  8 howler monkeys
  An electric eel (Snake:2)
  8 crimson imps
  5 centaur zombies
  9 hounds
  7 jellies
  Crazy Yiuf (D:2)
  27 orc priests
  A bullfrog skeleton (D:10)
  An iron imp (D:10)
  43 orc wizards
  Jessica (D:3)
  5 iguanas
  6 hell rats (Lair:4)
  6 worker ants
  Terence (D:3)
  A killer bee zombie (D:8)
  2 hound skeletons
  A worker ant zombie (D:11)
  14 adders
  8 gnolls
  2 shadow imps
  A white imp (D:1)
  An ufetubus (D:8)
  3 adder zombies
  2 adder skeletons
  6 worms
  A dart slug (D:1)
  3 leopard geckos
  162 orcs
  4 ball pythons
  3 bats
  7 giant cockroaches
  6 goblins
  13 hobgoblins
  13 jackals
  25 kobolds
  5 quokkas
  A ball python skeleton (D:4)
  10 frilled lizards
  A jackal zombie (D:6)
  11 rats
  5 crawling corpses
  5 fungi
  5 plants (Shoals:4)
  A tentacle (Shoals:2)
2411 creatures vanquished.

Vanquished Creatures (collateral kills)
  the Royal Jelly (Slime:5)
  2 ancient liches (Zot:5)
  A Killer Klown (Zot:4)
  An Orb Guardian (Zot:5)
  An acid blob (Slime:4)
  An azure jelly (Slime:5)
  A draconian scorcher (Zot:4)
  A cacodemon (Zot:5)
  2 deep elf annihilators
  2 deep elf demonologists (Elf:3)
  A white draconian (Zot:2)
  2 merfolk javelineers (Shoals:4)
  2 fire dragons
  2 death oozes (Slime:5)
  A hydra (D:12)
  A catoblepas (Shoals:4)
  A satyr (Shoals:4)
  2 deep troll earth magi (Depths:5)
  A dancing weapon (Elf:2)
  2 death yaks (Shoals:4)
  2 naga sharpshooters (Snake:3)
  6 deep trolls (Depths:5)
  An orc knight (Orc:2)
  A mana viper (Snake:3)
  A cyclops (Vaults:2)
  3 fauns (Shoals:4)
  An orc sorcerer (Orc:2)
  A black mamba (Lair:2)
  A water nymph (Shoals:4)
  A naga mage (Snake:3)
  A merfolk siren (Shoals:4)
  An efreet (D:12)
  A red devil (Depths:5)
  3 merfolk (Shoals:4)
  A shadow (D:15)
  An orc warrior (Orc:2)
  A boggart (D:14)
  3 centaurs (D:15)
  A bullfrog (D:14)
  A quasit (D:12)
  An orc priest (Orc:2)
  An orc wizard (Snake:2)
  2 orcs
64 creatures vanquished.

Vanquished Creatures (others)
  A deep elf sorcerer (Elf:1)
  An ogre mage (Depths:2)
  2 satyrs (Shoals:4)
  A deep elf knight (Elf:1)
  2 wizards
  A cyclops (Shoals:1)
  A moth of wrath (Zot:5)
  5 fauns
  A naga mage (Snake:4)
  A chaos spawn (D:4)
  A boggart (Depths:4)
  A centaur (Shoals:4)
  An orc (D:9)
  15 fungi
  47 plants
  4 tentacles (Shoals:2)
85 creatures vanquished.

Grand Total: 2560 creatures vanquished

Notes
Turn   | Place    | Note
-------+----------+-------------------------------------------
     0 | D:1      | Neveragain the Minotaur Berserker began the quest for the Orb.
     0 | D:1      | Reached XP level 1. HP: 19/19 MP: 0/0
   195 | D:1      | Reached XP level 2. HP: 20/27 MP: 1/1
   196 | D:1      | Reached skill level 4 in Axes
   258 | D:1      | Reached ** piety under Trog
   502 | D:1      | Reached XP level 3. HP: 29/33 MP: 2/2
   825 | D:2      | Found an ancient bone altar of Kikubaaqudgha.
   825 | D:2      | Found a bloodstained altar of Trog.
   825 | D:2      | Found a sacrificial altar of Ru.
   826 | D:2      | Found a glowing silver altar of Zin.
  1182 | D:2      | Reached XP level 4. HP: 40/40 MP: 3/3
  1252 | D:2      | Reached *** piety under Trog
  1700 | D:2      | Found a runed door.
  1803 | D:2      | Noticed Crazy Yiuf
  1806 | D:2      | Paralysed by Crazy Yiuf for 2 turns
  1810 | D:2      | Killed Crazy Yiuf
  1810 | D:2      | Reached skill level 5 in Axes
  2059 | D:3      | Noticed Terence
  2063 | D:3      | Killed Terence
  2063 | D:3      | Reached XP level 5. HP: 47/47 MP: 4/4
  2085 | D:3      | Noticed Jessica
  2086 | D:3      | Killed Jessica
  2281 | D:3      | Reached XP level 6. HP: 33/55 MP: 5/5
  2285 | D:3      | Reached skill level 6 in Axes
  2287 | D:3      | Reached skill level 5 in Fighting
  2531 | D:3      | Noticed Purgy
  2539 | D:3      | Killed Purgy
  2685 | D:3      | Noticed Grinder
  2706 | D:3      | Killed Grinder
  2706 | D:3      | Reached skill level 7 in Axes
  2706 | D:3      | Reached XP level 7. HP: 48/61 MP: 6/6
  3077 | D:4      | Noticed Sigmund
  3088 | D:4      | Killed Sigmund
  3088 | D:4      | Reached skill level 5 in Armour
  3244 | D:4      | Noticed Menkaure
  3250 | D:4      | Killed Menkaure
  3252 | D:4      | Reached skill level 5 in Dodging
  3252 | D:4      | Reached XP level 8. HP: 70/70 MP: 7/7
  3395 | D:4      | Found a bloodstained altar of Trog.
  3398 | D:4      | Noticed a wizard
  3403 | D:4      | Killed a wizard
  3442 | D:4      | Reached **** piety under Trog
  3475 | D:4      | Reached skill level 8 in Axes
  3896 | D:4      | Found a blossoming altar of Fedhas.
  3934 | D:4      | Found a glowing golden altar of the Shining One.
  3994 | D:5      | Entered Level 5 of the Dungeon
  4290 | D:5      | Found a staircase to the Ecumenical Temple.
  4292 | D:5      | Noticed frimble's ghost (amateur MiFi)
  4413 | D:5      | Noticed Duvessa
  4413 | D:5      | Noticed Dowan
  4496 | D:5      | Killed Duvessa
  4503 | D:5      | Killed Dowan
  4610 | D:5      | Reached skill level 9 in Axes
  4912 | D:6      | Noticed a hippogriff
  4918 | D:6      | Killed a hippogriff
  5007 | D:6      | Found a snail-covered altar of Cheibriados.
  5080 | D:6      | Reached XP level 9. HP: 79/79 MP: 8/8
  5086 | D:6      | Found a glowing drain.
  5103 | Sewer    | Entered a sewer
  5563 | D:6      | Found an ancient bone altar of Kikubaaqudgha.
  5573 | D:6      | Reached ***** piety under Trog
  5628 | D:6      | Found a hide-covered altar of Uskayaw.
  5629 | D:6      | Found a basalt altar of Yredelemnul.
  5723 | D:6      | Reached skill level 10 in Axes
  5760 | D:6      | Noticed Prince Ribbit
  5767 | D:6      | Killed Prince Ribbit
  6182 | D:6      | Received a gift from Trog
  6186 | D:6      | Got an iridescent battleaxe {god gift}
  6187 | D:6      | Identified the +8 battleaxe of Xybinupi {holy, +Fly rC- Int+3} (Trog gifted it to you on level 6 of the Dungeon)
  7156 | D:7      | Reached skill level 11 in Axes
  7297 | D:7      | Reached skill level 1 in Shields
  7569 | D:7      | Found a shadowy altar of Dithmenos.
  7613 | D:7      | Reached XP level 10. HP: 90/90 MP: 9/9
  7979 | D:7      | Found an opulent altar of Gozag.
  8235 | D:8      | Noticed a two-headed ogre
  8243 | D:8      | Killed a two-headed ogre
  8367 | D:8      | Received a gift from Trog
  8508 | D:8      | Reached skill level 12 in Axes
  8760 | D:8      | Received a gift from Trog
  8957 | D:9      | Found a runed door.
  9046 | D:9      | Found a staircase to the Lair.
  9135 | D:9      | Found Kamiack's Antique Weapon Shop.
  9153 | D:9      | Found Panlurax's Magic Scroll Emporium.
  9178 | D:9      | Found Wuablon's Armour Boutique.
  9603 | D:9      | Found a roughly hewn altar of Beogh.
  9650 | D:10     | Entered Level 10 of the Dungeon
  9656 | D:10     | Reached XP level 11. HP: 95/97 MP: 10/10
 10019 | D:10     | Found Xilonue's Assorted Antiques.
 10062 | D:10     | Reached skill level 5 in Shields
 10420 | D:11     | Noticed a fire dragon
 10424 | D:11     | Noticed a white ugly thing
 10481 | D:10     | Killed a white ugly thing
 10481 | D:10     | Reached skill level 13 in Axes
 10610 | D:11     | Killed a fire dragon
 10610 | D:11     | Reached skill level 10 in Fighting
 11483 | D:11     | Reached skill level 10 in Armour
 11497 | D:11     | Noticed a green ugly thing
 11505 | D:11     | Noticed a brown ugly thing
 11524 | D:10     | Killed a green ugly thing
 11575 | D:11     | Killed a brown ugly thing
 11956 | Lair:1   | Entered Level 1 of the Lair of Beasts
 12024 | Lair:1   | Noticed a six-headed hydra
 12032 | Lair:1   | Killed a two-headed hydra
 12118 | Lair:1   | Reached skill level 14 in Axes
 12144 | Lair:1   | Noticed a six-headed hydra
 12153 | Lair:1   | Killed a two-headed hydra
 12153 | Lair:1   | Reached XP level 12. HP: 108/108 MP: 11/11
 13110 | Lair:2   | Noticed Harold
 13134 | Lair:2   | Killed Harold
 13134 | Lair:2   | Received a gift from Trog
 13321 | Lair:2   | Noticed an eight-headed hydra
 13331 | Lair:2   | Killed a three-headed hydra
 13331 | Lair:2   | Reached skill level 10 in Dodging
 14314 | Lair:3   | Noticed Nergalle
 14332 | Lair:3   | Killed Nergalle
 14573 | Lair:3   | Found a staircase to the Shoals.
 14747 | Lair:3   | Reached skill level 15 in Axes
 15532 | Lair:4   | Noticed a catoblepas
 15553 | Lair:4   | Killed a catoblepas
 15553 | Lair:4   | Reached XP level 13. HP: 82/117 MP: 12/12
 15826 | Lair:4   | Found a staircase to the Snake Pit.
 16703 | Lair:5   | Received a gift from Trog
 16706 | Lair:5   | Got a dazzling battleaxe {god gift}
 16713 | Lair:5   | Identified the +9 battleaxe of Noon {venom, rElec Dex+7} (Trog gifted it to you on level 5 of the Lair of Beasts)
 16852 | Lair:5   | Noticed Urug
 16860 | Lair:5   | Killed Urug
 16860 | Lair:5   | Reached skill level 16 in Axes
 16987 | Lair:5   | Noticed Rupert
 17074 | Lair:5   | Killed Rupert
 17969 | Lair:6   | Entered Level 6 of the Lair of Beasts
 18054 | Lair:6   | Found a staircase to the Slime Pits.
 18558 | Lair:6   | Reached skill level 10 in Shields
 18755 | Lair:6   | Reached XP level 14. HP: 115/127 MP: 13/13
 19020 | Lair:6   | Reached skill level 17 in Axes
 19322 | Lair:6   | Got an ebony battleaxe
 19346 | Lair:6   | Identified the cursed +1 battleaxe of Wu Jian's Vengeance {chop, rC+ rN+ Str-2} (You found it on level 6 of the Lair of Beasts)
 19448 | Lair:6   | Received a gift from Trog
 20162 | D:12     | Found a staircase to the Orcish Mines.
 21145 | Orc:1    | Entered Level 1 of the Orcish Mines
 21160 | Orc:1    | Received a gift from Trog
 21828 | Orc:1    | Found Pijexed's Gadget Shoppe.
 21938 | Orc:2    | Entered Level 2 of the Orcish Mines
 21978 | Orc:2    | Noticed Maurice
 21989 | Orc:2    | Killed Maurice
 22079 | Orc:2    | Found a staircase to the Elven Halls.
 22123 | Orc:2    | Noticed an orc warlord
 22134 | Orc:2    | Killed an orc warlord
 23319 | Orc:2    | Received a gift from Trog
 23637 | Orc:1    | Reached skill level 18 in Axes
 23755 | Orc:2    | Found Anerun's Antique Armour Emporium.
 23756 | Orc:2    | Found Foujel's Antique Weapon Emporium.
 23758 | Orc:2    | Found Tanail's General Store.
 23758 | Orc:2    | Found Gapokuv's Jewellery Shoppe.
 23875 | Orc:2    | Found a radiant altar of Vehumet.
 23941 | Orc:2    | Noticed reptisaurus's ghost (journeyman BaVM)
 23949 | Orc:2    | Killed reptisaurus's ghost
 24524 | D:9      | Bought the +9 plate armour "Geleink" {rElec rF+ rCorr Int+4} for 1429 gold pieces
 24653 | D:13     | Found the macabre finger necklace {rN+}
 24700 | D:13     | Received a gift from Trog
 24700 | D:13     | Reached XP level 15. HP: 137/137 MP: 4/14
 24860 | D:12     | Reached ****** piety under Trog
 25558 | D:13     | Noticed frimble's ghost (journeyman MiFi)
 26711 | D:15     | Entered Level 15 of the Dungeon
 26726 | D:15     | Received a gift from Trog
 27233 | D:15     | Reached skill level 19 in Axes
 27233 | D:15     | Found a shadowy altar of Dithmenos.
 27433 | D:15     | Found Pachuny's Book Shoppe.
 27676 | D:15     | Received a gift from Trog
 27862 | D:15     | Found a staircase to the Depths.
 28172 | Snake:1  | Entered Level 1 of the Snake Pit
 28547 | Snake:1  | Noticed Donald
 28562 | Snake:1  | Killed Donald
 28683 | Snake:1  | Reached XP level 16. HP: 147/147 MP: 5/15
 29190 | Snake:2  | Noticed Saint Roka
 29446 | Snake:2  | Killed Saint Roka
 29559 | Snake:2  | Received a gift from Trog
 30492 | Snake:2  | Reached skill level 15 in Fighting
 30791 | Snake:2  | Found Ugeg Zoh's Jewellery Emporium.
 30793 | Snake:2  | Found Cehusotu's Gadget Shop.
 30794 | Snake:2  | Found Iwugyak's Jewellery Emporium.
 31128 | Snake:3  | Reached skill level 20 in Axes
 31137 | Snake:3  | Found a transporter.
 31199 | Snake:3  | Received a gift from Trog
 31653 | Snake:3  | Reached skill level 15 in Armour
 32000 | Snake:3  | Found a sacrificial altar of Ru.
 32323 | Snake:3  | Found a radiant altar of Vehumet.
 32679 | Snake:3  | Found a transporter.
 32782 | Snake:3  | Received a gift from Trog
 32785 | Snake:3  | Reached XP level 17. HP: 117/156 MP: 5/16
 32937 | Snake:3  | Got a brightly glowing iron ring
 33188 | Snake:3  | Identified a +0 pair of boots of running (You found it on level 3 of the Snake Pit)
 33239 | Snake:3  | Identified the ring "Monomit" {rF+ rN+ Slay+5} (You found it on level 3 of the Snake Pit)
 33310 | Snake:4  | Entered Level 4 of the Snake Pit
 34019 | Snake:4  | Reached skill level 21 in Axes
 34317 | Snake:4  | Received a gift from Trog
 36009 | Snake:4  | Received a gift from Trog
 36012 | Snake:4  | Reached XP level 18. HP: 105/168 MP: 17/17
 36426 | Snake:4  | Got a serpentine rune of Zot
 36645 | Snake:2  | Bought an uncursed ring of protection from magic for 350 gold pieces
 36645 | Snake:2  | Bought a +5 amulet of reflection for 576 gold pieces
 36807 | Shoals:1 | Entered Level 1 of the Shoals
 36807 | Shoals:1 | Found Adghaamo's Weapon Emporium.
 36872 | Shoals:1 | Found Qem Yvuz's Magic Scroll Boutique.
 37066 | Shoals:1 | Reached skill level 15 in Shields
 37077 | Shoals:1 | Bought a scroll of blinking for 112 gold pieces
 37100 | Shoals:1 | Reached skill level 22 in Axes
 37308 | Shoals:1 | Found Avock's Antique Armour Emporium.
 37316 | Shoals:1 | Bought an embroidered hat for 161 gold pieces
 37376 | Shoals:1 | Noticed Frances
 37411 | Shoals:1 | Killed Frances
 37529 | Shoals:1 | Found Boquroc's Distillery.
 37833 | Shoals:2 | Received a gift from Trog
 39527 | Shoals:3 | Received a gift from Trog
 39758 | Shoals:4 | Entered Level 4 of the Shoals
 39790 | Shoals:4 | Found Luups's General Store.
 39792 | Shoals:4 | Found Eciane's Weapon Emporium.
 39807 | Shoals:4 | Found Vaidd's Book Boutique.
 40250 | Shoals:4 | Noticed Polyphemus
 40252 | Shoals:4 | Noticed Louise
 40258 | Shoals:4 | Noticed Ilsuiw
 40795 | Shoals:4 | Got a barnacled rune of Zot
 41141 | Shoals:4 | Reached XP level 19. HP: 177/177 MP: 6/18
 41149 | Shoals:4 | Killed Polyphemus
 41382 | Shoals:4 | Reached skill level 23 in Axes
 41484 | Shoals:4 | Killed Ilsuiw
 41902 | Shoals:4 | Killed Louise
 42263 | Shoals:4 | Identified the Compendium of the Creative Mountains
 42560 | D:13     | Killed frimble's ghost
 42721 | D:13     | Found a gate to the Vaults.
 42867 | Vaults:1 | Entered Level 1 of the Vaults
 42953 | Vaults:1 | Found Quiveli's Magic Scroll Boutique.
 43219 | Vaults:1 | Bought a scroll of teleportation for 45 gold pieces
 43219 | Vaults:1 | Bought a scroll of blinking for 112 gold pieces
 43219 | Vaults:1 | Bought a scroll of teleportation for 45 gold pieces
 43735 | Vaults:1 | Received a gift from Trog
 44627 | Vaults:2 | Found a staircase to the Crypt.
 44650 | Vaults:2 | Identified the Tome of Unholy Magic and Good Luck
 44735 | Vaults:2 | Noticed Bai Suzhen
 44742 | Vaults:2 | Reached XP level 20. HP: 187/187 MP: 6/19
 44751 | Vaults:2 | Killed Bai Suzhen
 44833 | Vaults:1 | Received a gift from Trog
 45945 | Vaults:3 | Received a gift from Trog
 45952 | Vaults:3 | Got a blackened hand axe {god gift}
 46247 | Vaults:3 | Identified the +8 hand axe "Miduet" {chop, rPois Str+4 Int+3} (Trog gifted it to you on level 3 of the Vaults)
 47417 | Vaults:4 | Received a gift from Trog
 47918 | Vaults:4 | Reached XP level 21. HP: 182/193 MP: 6/20
 47923 | Vaults:4 | Received a gift from Trog
 48852 | Depths:1 | Entered Level 1 of the Depths
 48993 | Depths:1 | Found a one-way gate to the infinite horrors of the Abyss.
 49066 | Depths:1 | Identified the Collected Works on Poisonous Companions
 49281 | Depths:1 | Found a gateway to Hell.
 49287 | Depths:1 | Received a gift from Trog
 49358 | Depths:1 | Noticed Margery
 49379 | Depths:1 | Killed Margery
 49410 | Depths:1 | Found a one-way gate leading to the halls of Pandemonium.
 49427 | Depths:1 | Noticed Jorgrun
 49441 | Depths:1 | Killed Jorgrun
 49540 | Depths:1 | Noticed the Enchantress
 49728 | Depths:1 | Killed the Enchantress
 49881 | Depths:1 | Identified the Incunabulum of Earthen Weightlessness
 50847 | Depths:2 | Noticed Neveragain's ghost (adept GrBe)
 50865 | Depths:2 | Paralysed by a floating eye for 4 turns
 51430 | Depths:1 | Received a gift from Trog
 51431 | Depths:1 | Found the +8 frozen axe "Frostbite" {freezing cloud, *Noise +Fly rC+}
 51469 | Depths:2 | Killed Neveragain's ghost
 52449 | Depths:1 | Reached XP level 22. HP: 187/201 MP: 7/21
 52527 | Depths:2 | Reached skill level 24 in Axes
 52537 | Depths:2 | Noticed Sojobo
 52550 | Depths:2 | Killed Sojobo
 52662 | Depths:2 | Received a gift from Trog
 52693 | Depths:2 | Got a bloodstained broad axe {god gift}
 52881 | Depths:2 | Identified the +6 broad axe "Cuocuapi" {protect, Stlth+} (Trog gifted it to you on level 2 of the Depths)
 53170 | Depths:3 | Found a gateway to a ziggurat.
 53238 | Depths:3 | Reached skill level 25 in Axes
 53871 | Depths:3 | Noticed a golden dragon
 53885 | Depths:3 | Killed a golden dragon
 53970 | Depths:3 | Noticed a juggernaut
 53981 | Depths:3 | Killed a juggernaut
 54305 | Depths:3 | Noticed a caustic shrike
 54313 | Depths:3 | Killed a caustic shrike
 54568 | Depths:4 | Reached skill level 26 in Axes
 54684 | Depths:4 | Received a gift from Trog
 55392 | Depths:4 | Noticed a juggernaut
 55559 | Depths:4 | Killed a juggernaut
 55559 | Depths:4 | Reached XP level 23. HP: 172/209 MP: 17/22
 55975 | Depths:4 | Reached skill level 15 in Dodging
 56196 | Depths:4 | Noticed a juggernaut
 56214 | Depths:4 | Killed a juggernaut
 56214 | Depths:4 | Received a gift from Trog
 56469 | Depths:4 | Noticed a caustic shrike
 56483 | Depths:4 | Killed a caustic shrike
 57111 | Depths:5 | Entered Level 5 of the Depths
 57427 | Depths:5 | Found a shattered altar of Ashenzari.
 57429 | Depths:5 | Noticed Frederick
 57439 | Depths:5 | Killed Frederick
 57596 | Depths:5 | Paralysed by a floating eye for 3 turns
 57710 | Depths:5 | Found a gate to the Realm of Zot.
 57733 | Depths:5 | Received a gift from Trog
 59175 | Slime:1  | Entered Level 1 of the Pits of Slime
 59208 | Slime:1  | Received a gift from Trog
 59324 | Slime:2  | Reached XP level 24. HP: 221/223 MP: 22/22
 60048 | Slime:3  | Gained mutation: You are occasionally teleported next to monsters. [a shining eye]
 60323 | Slime:3  | Gained mutation: You are frail. (-10% HP) [a shining eye]
 60470 | Slime:4  | Gained mutation: Your body sometimes deteriorates upon taking damage. [a shining eye]
 60471 | Slime:4  | Gained mutation: You are weak. (Str -2) [a shining eye]
 60572 | Slime:4  | Gained mutation: You are very frail. (-20% HP) [a shining eye]
 61244 | Slime:3  | Gained mutation: You are sometimes teleported next to monsters. [a shining eye]
 61253 | Slime:2  | Received a gift from Trog
 61942 | Slime:5  | Entered Level 5 of the Pits of Slime
 62052 | Slime:5  | Gained mutation: Armour fits poorly on your strangely shaped body. [a shining eye]
 62053 | Slime:5  | Gained mutation: Scrolls take you a little longer to read. [a shining eye]
 62057 | Slime:4  | Gained mutation: Your magical capacity is low. (-10% MP) [a shining eye]
 62072 | Slime:5  | Gained mutation: You are very weak. (Str -4) [a shining eye]
 63056 | Slime:5  | Noticed the Royal Jelly
 63074 | Slime:5  | Killed the Royal Jelly
 63074 | Slime:5  | Received a gift from Trog
 64205 | Slime:5  | Got an ancient turquoise ring
 64240 | Slime:5  | Got a slimy rune of Zot
 64332 | Slime:5  | Identified a scroll of acquirement
 64350 | Slime:5  | Identified the ring "Ryunejuv" {MR++ EV+3 Int-3} (You found it on level 5 of the Pits of Slime)
 66055 | Vaults:4 | Lost mutation: You are sometimes teleported next to monsters. [potion of mutation]
 66055 | Vaults:4 | Lost mutation: You are very weak. (Str -4) [potion of mutation]
 66055 | Vaults:4 | Gained mutation: Scrolls take you longer to read. [potion of mutation]
 66055 | Vaults:4 | Gained mutation: You are partially covered in rugged brown scales. (AC +1, +3% HP) [potion of mutation]
 66056 | Vaults:4 | Lost mutation: Armour fits poorly on your strangely shaped body. [potion of mutation]
 66056 | Vaults:4 | Lost mutation: You are partially covered in rugged brown scales. (AC +1, +3% HP) [potion of mutation]
 66056 | Vaults:4 | Lost mutation: Scrolls take you longer to read. [potion of mutation]
 66056 | Vaults:4 | Lost mutation: You are very frail. (-20% HP) [potion of mutation]
 66056 | Vaults:4 | Lost mutation: You are frail. (-10% HP) [potion of mutation]
 66056 | Vaults:4 | Gained mutation: Your mind is acute. (Int +2) [potion of mutation]
 66057 | Vaults:4 | Lost mutation: Your mind is acute. (Int +2) [potion of mutation]
 66057 | Vaults:4 | Lost mutation: Scrolls take you a little longer to read. [potion of mutation]
 66057 | Vaults:4 | Lost mutation: Your body sometimes deteriorates upon taking damage. [potion of mutation]
 66057 | Vaults:4 | Lost mutation: Your magical capacity is low. (-10% MP) [potion of mutation]
 66057 | Vaults:4 | Gained mutation: You are sometimes teleported next to monsters. [potion of mutation]
 66057 | Vaults:4 | Gained mutation: You are dopey. (Int -2) [potion of mutation]
 66057 | Vaults:4 | Gained mutation: You have supernaturally acute eyesight. (SInv) [potion of mutation]
 66057 | Vaults:4 | Gained mutation: You are partially covered in thin metallic scales. (AC +2) [potion of mutation]
 66058 | Vaults:4 | Lost mutation: You are weak. (Str -2) [potion of mutation]
 66058 | Vaults:4 | Lost mutation: You are dopey. (Int -2) [potion of mutation]
 66058 | Vaults:4 | Gained mutation: Your system is resistant to poisons. (rPois) [potion of mutation]
 66058 | Vaults:4 | Gained mutation: You are clumsy. (Dex -2) [potion of mutation]
 66058 | Vaults:4 | Gained mutation: You passively map a small area around you. [potion of mutation]
 66059 | Vaults:4 | Lost mutation: You passively map a small area around you. [potion of mutation]
 66059 | Vaults:4 | Gained mutation: Your mind is acute. (Int +2) [potion of mutation]
 66059 | Vaults:4 | Gained mutation: You passively map a small area around you. [potion of mutation]
 66060 | Vaults:4 | Lost mutation: Your system is resistant to poisons. (rPois) [potion of mutation]
 66060 | Vaults:4 | Lost mutation: You have supernaturally acute eyesight. (SInv) [potion of mutation]
 66060 | Vaults:4 | Lost mutation: You are clumsy. (Dex -2) [potion of mutation]
 66060 | Vaults:4 | Gained mutation: Your magical capacity is low. (-10% MP) [potion of mutation]
 66060 | Vaults:4 | Gained mutation: You are agile. (Dex +2) [potion of mutation]
 66061 | Vaults:4 | Lost mutation: Your mind is acute. (Int +2) [potion of mutation]
 66061 | Vaults:4 | Lost mutation: Your magical capacity is low. (-10% MP) [potion of mutation]
 66061 | Vaults:4 | Lost mutation: You passively map a small area around you. [potion of mutation]
 66061 | Vaults:4 | Gained mutation: Your flesh is heat resistant. (rF+) [potion of mutation]
 66061 | Vaults:4 | Lost mutation: You are agile. (Dex +2) [potion of mutation]
 66061 | Vaults:4 | Gained mutation: You are resistant to hostile enchantments. (MR+) [potion of mutation]
 66062 | Vaults:4 | Lost mutation: You are resistant to hostile enchantments. (MR+) [potion of mutation]
 66062 | Vaults:4 | Lost mutation: Your flesh is heat resistant. (rF+) [potion of mutation]
 66062 | Vaults:4 | Gained mutation: Your muscles are strong. (Str +2) [potion of mutation]
 66596 | Shoals:1 | Bought a scroll of teleportation for 45 gold pieces
 66596 | Shoals:1 | Bought a scroll of fear for 52 gold pieces
 66596 | Shoals:1 | Bought a scroll of teleportation for 45 gold pieces
 66596 | Shoals:1 | Bought a scroll of teleportation for 45 gold pieces
 66596 | Shoals:1 | Bought a scroll of teleportation for 45 gold pieces
 66596 | Shoals:1 | Bought a scroll of teleportation for 45 gold pieces
 66722 | D:9      | Bought a scroll of teleportation for 48 gold pieces
 66722 | D:9      | Bought a scroll of enchant armour for 120 gold pieces
 66722 | D:9      | Bought a scroll of teleportation for 48 gold pieces
 66722 | D:9      | Bought 2 scrolls of blinking for 240 gold pieces
 66722 | D:9      | Bought a scroll of teleportation for 48 gold pieces
 66842 | Vaults:1 | Bought a scroll of enchant armour for 112 gold pieces
 66842 | Vaults:1 | Bought a scroll of enchant armour for 112 gold pieces
 66842 | Vaults:1 | Bought a scroll of enchant armour for 112 gold pieces
 66980 | Orc:2    | Bought a scroll of teleportation for 42 gold pieces
 66980 | Orc:2    | Bought a scroll of enchant armour for 105 gold pieces
 67036 | Elf:1    | Entered Level 1 of the Elven Halls
 67115 | Elf:1    | Found an ancient bone altar of Kikubaaqudgha.
 67332 | Elf:1    | Received a gift from Trog
 67867 | Elf:2    | Found a runed gate.
 67867 | Elf:2    | Found a runed gate.
 67868 | Elf:2    | Found a runed gate.
 67974 | Elf:2    | Received a gift from Trog
 68093 | Elf:2    | Found a flickering gateway to a bazaar.
 68100 | Bazaar   | Entered a bazaar
 68100 | Bazaar   | Found Faska's Antique Armour Emporium.
 68108 | Bazaar   | Found Ziapniv's Weapon Shoppe.
 68119 | Bazaar   | Found Haluumyu's Assorted Antiques.
 68150 | Bazaar   | Found Liegum's Antique Armour Shoppe.
 68375 | Elf:2    | Reached XP level 25. HP: 236/236 MP: 7/22
 68441 | Elf:3    | Entered Level 3 of the Elven Halls
 68645 | Elf:3    | Received a gift from Trog
 69623 | Elf:3    | Found the +3 robe of Clouds {+Fly rElec}
 69741 | Elf:3    | Got a bound silver ring
 69745 | Elf:3    | Identified the ring "Bagguin" {rElec rPois rF- Dex-2 Stlth+} (You found it on level 3 of the Elven Halls)
 70354 | Zot:1    | Entered Level 1 of the Realm of Zot
 71488 | Zot:2    | Received a gift from Trog
 72021 | Zot:3    | Received a gift from Trog
 72094 | Zot:3    | Reached XP level 26. HP: 249/249 MP: 1/22
 72767 | Zot:3    | Received a gift from Trog
 73084 | Zot:5    | Entered Level 5 of the Realm of Zot
 73156 | Zot:5    | Noticed an ancient lich
 73164 | Zot:5    | Killed an ancient lich
 73240 | Zot:5    | Noticed an ancient lich
 73276 | Zot:5    | Killed an ancient lich
 73386 | Zot:5    | Noticed an orb of fire
 73714 | Zot:5    | Noticed an orb of fire
 73752 | Zot:5    | Killed an orb of fire
 73776 | Zot:5    | Gained mutation: You are dopey. (Int -2) [an orb of fire]
 73787 | Zot:5    | Killed an orb of fire
 73809 | Zot:5    | Noticed an ancient lich
 73819 | Zot:5    | Killed an ancient lich
 73820 | Zot:5    | Noticed an ancient lich
 73829 | Zot:5    | Killed an ancient lich
 73831 | Zot:5    | Reached XP level 27. HP: 140/262 MP: 7/22
 74206 | Zot:5    | Noticed an ancient lich
 74213 | Zot:5    | Killed an ancient lich
 74322 | Zot:5    | Got the Orb of Zot
 74374 | Zot:5    | Received a gift from Trog
 74428 | Zot:5    | Noticed an ancient lich
 74465 | Zot:5    | Noticed an ancient lich
 74466 | Zot:5    | Noticed Qaan the pandemonium lord
 74477 | Zot:5    | Killed an ancient lich
 74490 | Zot:5    | Killed Qaan the pandemonium lord
 75092 | D:10     | Noticed Zuabrezempe the pandemonium lord
 75410 | D:$      | Escaped with the Orb!

Skill      XL: |  1  2  3  4  5  6  7  8  9 10 11 12 13 14 15 16 17 18 19 20 21 22 23 24 25 26 27 |
---------------+----------------------------------------------------------------------------------+-----
Axes           | 4 5 7 9 11 12 14 15 16 18 19 20 21 22 23 26 | 26.1
Fighting       | 4 5 6 7 8 9 10 11 12 13 14 15 16 17 18 19 21 22 24 25 | 25.2
Armour         | 3 4 5 6 8 9 10 11 12 13 14 15 16 17 18 19 21 22 24 25 | 25.1
Dodging        | 3 4 5 6 7 8 9 10 11 12 13 14 16 18 19 21 22 | 22.3
Shields        | 1 4 6 8 10 11 12 13 14 15 18 22 25 | 25.1

Action                   |  1- 3 |  4- 6 |  7- 9 | 10-12 | 13-15 | 16-18 | 19-21 | 22-24 | 25-27 || total
-------------------------+-------+-------+-------+-------+-------+-------+-------+-------+-------++-------
Melee: Hand axe          |    85 |    85 |   271 |   877 |   167 |       |       |       |       ||  1485
       Headbutt          |    20 |    14 |    58 |   254 |   422 |   415 |   532 |   542 |   445 ||  2702
       Battleaxe         |       |       |    12 |       |   487 |       |       |       |       ||   499
       War axe           |       |       |       |       |   595 |       |       |       |       ||   595
       Broad axe         |       |       |       |       |    56 |  1436 |  1513 |  1448 |  1160 ||  5613
Invok: Berserk           |     1 |     4 |    11 |    19 |    13 |     8 |     7 |    14 |     7 ||    84
       Trog's Hand       |       |     1 |       |       |     1 |     1 |     3 |     3 |    16 ||    25
       Burn Spellbooks   |       |       |       |     2 |     2 |     1 |       |       |     1 ||     6
       Brothers in Arms  |       |       |       |     1 |     5 |     8 |     4 |     6 |    16 ||    40
Evoke: Wand              |       |       |       |     1 |       |       |       |       |     2 ||     3
  Use: Scroll            |       |       |     3 |     9 |     7 |    16 |     5 |    21 |    12 ||    73
       Potion            |       |       |       |       |     2 |     2 |       |    11 |     7 ||    22
 Stab: Distracted        |       |       |       |       |     1 |     1 |     1 |     3 |     3 ||     9
  Eat: Chunk             |     2 |     8 |    16 |    30 |    40 |    45 |    29 |    21 |     2 ||   193
       Ration            |       |       |     3 |     4 |     6 |     2 |     5 |    14 |    11 ||    45
Armor: Animal skin       |     4 |    10 |       |       |       |       |       |       |       ||    14
       Ring mail         |       |     8 |    46 |       |       |       |       |       |       ||    54
       Plate armour      |       |       |    33 |   227 |   415 |   485 |   345 |   482 |   229 ||  2216
Dodge: Dodged            |    64 |    44 |   140 |   134 |   484 |   437 |   382 |   486 |   363 ||  2534
Block: Large shield      |       |       |    36 |   480 |   604 |  1560 |  1303 |  1320 |  1201 ||  6504
       Reflection        |       |       |       |       |       |   102 |       |       |       ||   102
